 Dungeon Crawl Stone Soup version 0.30-a0-634-g8abc85282e (webtiles) character file.

Game seed: 17582541174484617025

20333 benadryl the Prestidigitator (level 12, 0/119 HPs)
             Began as a Troll Cinder Acolyte on Jan 14, 2023.
             Was an Initiate of Ignis.
             Succumbed to a black mamba's poison
             ... on level 2 of the Lair of Beasts.
             The game lasted 00:54:52 (13696 turns).

benadryl the Prestidigitator (TrCA)                Turns: 13696, Time: 00:54:52

Health: 0/119      AC:  8    Str: 25    XL:     12   Next: 44%
Magic:  24/24      EV:  9    Int: 14    God:    Ignis [......]
Gold:   862        SH:  0    Dex:  5    Spells: 14/17 levels left

rFire   + + .      SeeInvis .      - Unarmed
rCold   + + .      Faith    .    (no shield)
rNeg    . . .      Spirit   .    v - +2 robe {Archmagi}
rPois   .          Reflect  .    j - +2 hat "Ykewnoud" {*Slow +Inv rF+ rC++}
rElec   .          Harm     .    i - scarf {+Inv}
rCorr   .          Rampage  .    (gloves unavailable)
Will    .....      Archmagi +    (boots unavailable)
Stlth   +                        E - amulet of magic regeneration
HPRegen 1.19/turn                c - ring of magical power
MPRegen 0.59/turn                o - ring of flight

@: lethally poisoned (0 -> -31), flying
A: large, unfitting armour, claws 3, regeneration 1, shaggy fur 1, tough skin 1
a: Renounce Religion, Evoke Invisibility


You were on level 2 of the Lair of Beasts.
You worshipped Ignis.
Ignis was noncommittal.
You visited 3 branches of the dungeon, and saw 12 of its levels.
You also visited: Bailey.

You collected 862 gold pieces.

Inventory:

Hand Weapons
 a - the +9 staff of Olgreb {rPois∞}
   (You found it on level 8 of the Dungeon)

   It enhances your poison magic.
   It grants immunity to poison.
   It can be activated via the 'a'bility menu to radiate toxic energy, with
   effectiveness depending on Evocations skill.
 g - a +0 giant spiked club
Missiles
 w - 5 large rocks (quivered)
 F - a curare-tipped dart
 H - 5 javelins
Armour
 i - a scarf of invisibility (worn)
 j - the +2 hat "Ykewnoud" (worn) {*Slow +Inv rF+ rC++}
   (You acquired it in a bailey)

   rF:        It protects you from fire.
   rC:        It greatly protects you from cold.
   +Inv:      It lets you turn invisible.
   *Slow:     It may slow you when you take damage.
 v - a +2 robe of the Archmagi (worn)
 B - +0 steam dragon scales
Jewellery
 c - a ring of magical power (left claw)
 o - a ring of flight (right claw)
 C - a ring of see invisible
 E - an amulet of magic regeneration (around neck)
 L - a ring of positive energy
Wands
 l - a wand of quicksilver (7)
 s - a wand of polymorph (8)
 y - a wand of iceblast (7)
 z - a wand of digging (5)
 G - a wand of flame (13)
 K - a wand of paralysis (1)
Scrolls
 b - 3 scrolls of fear
 h - 4 scrolls of teleportation
 p - a scroll of amnesia
 r - a scroll of magic mapping
 t - a scroll of vulnerability
 x - a scroll of blinking
 I - a scroll of noise
Potions
 d - 7 potions of brilliance
 e - 2 potions of lignification
 k - 3 potions of attraction
 m - 4 potions of magic
 n - 2 potions of flight
 q - a potion of haste {unknown}
 A - 4 potions of mutation


   Skills:
 - Level 8.0 Fighting
 + Level 3.4 Throwing
 - Level 5.0 Armour
 - Level 8.0 Unarmed Combat
 - Level 3.0 Spellcasting
 - Level 4.4 Transmutations
 - Level 2.1 Fire Magic
 - Level 4.0 Poison Magic
 - Level 10.0 Evocations


You had 14 spell levels left.
You knew the following spells:

 Your Spells              Type           Power      Damage    Failure   Level
a - Beastly Appendage     Tmut           42%        N/A       3%          1
b - Wereblood             Tmut           21%        N/A       5%          2

Your spell library contained the following spells:

 Spells                   Type           Power      Damage    Failure   Level
 Spider Form              Tmut/Pois      20%        N/A       12%         3
 Scorch                   Fire           24%        2d6       13%         2
 Poisonous Vapours        Pois/Air       22%        N/A       14%         2
 Cigotuvi's Dreadful Rot  Necr/Pois/Air  16%        N/A       19%         2
 Summon Small Mammal      Summ           12%        N/A       22%         1
 Blink                    Tloc           6%         N/A       32%         2
 Momentum Strike          Conj/Tloc      6%         3d8       32%         2
 Mephitic Cloud           Conj/Pois/Air  8%         N/A       36%         3
 Call Canine Familiar     Summ           3%         N/A       54%         3
 Dazzling Flash           Conj/Hex       6%         N/A       54%         3
 Hailstorm                Conj/Ice       3%         3d3       54%         3
 Lesser Beckoning         Tloc           6%         N/A       54%         3
 Ozocubu's Armour         Ice            3%         N/A       54%         3
 Summon Guardian Golem    Hex/Summ       3%         N/A       54%         3
 Tukima's Dance           Hex            3%         N/A       54%         3
 Ice Form                 Ice/Tmut       12%        N/A       65%         4
 Iskenderun's Mystic Bla  Conj/Tloc      3%         2d3       91%         4
 Manifold Assault         Tloc           3%         N/A       91%         4
 Passage of Golubria      Tloc           3%         N/A       91%         4
 Yara's Violent Unravell  Hex/Tmut       6%         3d5       94%         5
 Metabolic Englaciation   Hex/Ice        1%         N/A       99%         5
 Simulacrum               Ice/Necr       1%         N/A       100%        6
 Starburst                Conj/Fire      3%         6d3       100%        6
 Storm Form               Tmut/Air       6%         N/A       100%        7


Dungeon Overview and Level Annotations

Branches:
Dungeon (9/15)             Temple (1/1) D:7            Lair (2/5) D:8
 Bailey (visited)
  Swamp: Lair:2-3    Shoals: Lair:2-3     Snake: Lair:2-3    Spider: Lair:2-3
    Orc: D:9-12

Altars:
Ashenzari
Cheibriados
Makhleb
Nemelex Xobeh
Okawaru
Sif Muna
Vehumet
Wu Jian
Yredelemnul
The Shining One

Shops:
D:2 [   D:4 *

Annotations:
D:3 3 runed translucent doors, testman's ghost, novice TrGl
D:9 5 transporters
Lair:2 exclusion: oklob plant


Innate Abilities, Weirdness & Mutations

You are too large for most types of armour.
You have claws for hands.
Your natural rate of healing is unusually fast.
You are covered in fur. (AC +1)
You have tough skin. (AC +1)


Message History

The black mamba poisons you! The black mamba bites you.
You closely miss the black mamba.
The black mamba is heavily wounded.
You feel very sick. The black mamba barely misses you.
You claw the black mamba!
The black mamba is almost dead.
You feel very sick.
The black mamba bites you but does no damage.
The black mamba misses you.
You barely miss the black mamba.
The black mamba is almost dead.
You feel very sick. The black mamba bites you!
* * * LOW HITPOINT WARNING * * *
You feel better. The black mamba bites you!
* * * LOW HITPOINT WARNING * * *
The black mamba bites you.
* * * LOW HITPOINT WARNING * * *
You barely miss the black mamba.
The black mamba is almost dead.
The black mamba bites you!
* * * LOW HITPOINT WARNING * * *
The black mamba misses you.
You feel much better. The black mamba bites you!
* * * LOW HITPOINT WARNING * * *
You scratch the black mamba.
The black mamba is almost dead.
The black mamba bites you!
* * * LOW HITPOINT WARNING * * *
You are poisoned.
The black mamba poisons you! The black mamba bites you.
* * * LOW HITPOINT WARNING * * *
You are lethally poisoned!
The black mamba poisons you!
Okay, then.
Blink to where?
Press: ? - help, Dir - move target
As you read the scroll of blinking, it crumbles to dust.
You die...

...... #........#
....... #........#
....... #........###
......###........#.#
#.........#..#...#
##........####...#
##
#..........###...#
###.
##.#.#...####...##
#... #####..@##
#....#####...
###.[.....##
#.....#P##...
#..........#
##...........
#P..(..[..##
#...........
#........##
#P........#..
##...((...P#
#.....###P###
#.........## ##....#
### . ##...§(...#
#P...## ..
#..S#...## ######


There were no monsters in sight!

Vanquished Creatures
  Gastronok (Lair:1)
  A boulder beetle (Lair:2)
  A centaur warrior (D:8)
  Urug (D:8)
  Nergalle (Lair:1)
  An obsidian statue (D:9)
  2 lindwurms (Lair:2)
  An orc knight (Bailey)
  2 orc sorcerers (Bailey)
  A cyclops (D:8)
  An elephant (Lair:2)
  3 cane toads (Lair:1)
  A rime drake (Lair:2)
  5 komodo dragons
  A troll (D:9)
  A hornet (D:7)
  5 blink frogs (Lair:1)
  A wraith (D:8)
  3 wyverns
  A basilisk (Lair:1)
  A steam dragon (D:7)
  10 yaks
  2 vampire mosquitoes (D:7)
  Menkaure (D:6)
  5 water moccasins
  6 black bears
  2 ice beasts (D:5)
  16 orc warriors
  6 wolves (Lair:1)
  2 centaurs
  5 ogres
  4 kobold brigands
  8 bullfrogs
  6 necrophages
  3 scorpions
  11 wights
  6 killer bees
  3 howler monkeys (D:9)
  5 electric eels (Bailey)
  A hound (D:6)
  A jelly (D:6)
  3 orc priests
  2 gnoll boudas
  4 iguanas
  Ijyb (D:3)
  12 orc wizards
  24 gnolls
  9 adders
  A shadow imp (D:7)
  4 white imps
  2 ufetubi
  3 worms
  6 dart slugs
  29 orcs
  6 ball pythons
  4 bats
  8 endoplasms
  2 giant cockroaches
  43 goblins
  29 hobgoblins
  5 jackals
  2 quokkas (D:1)
  3 frilled lizards
  17 kobolds
  A rat (D:2)
  A spectral orc (D:7)
359 creatures vanquished.

Vanquished Creatures (others)
  An orc wizard (D:9)
  A bush (Lair:2)
  31 foxfires
  37 fungi
  40 plants
110 creatures vanquished.

Grand Total: 469 creatures vanquished

Notes
Turn   | Place    | Note
-------+----------+-------------------------------------------
     0 | D:1      | benadryl the Troll Cinder Acolyte began the quest for the
                  | Orb.
     0 | D:1      | Reached XP level 1. HP: 22/22 MP: 1/1
    27 | D:1      | Reached XP level 2. HP: 29/29 MP: 2/2
   269 | D:1      | You fall into a shaft and drop 1 floor!
   631 | D:2      | Reached XP level 3. HP: 34/36 MP: 3/3
   980 | D:2      | Found Wocioj's Armour Boutique.
  1124 | D:2      | Reached XP level 4. HP: 44/44 MP: 4/4
  1224 | D:3      | Noticed Ijyb
  1250 | D:3      | Killed Ijyb
  1251 | D:3      | Reached skill level 5 in Unarmed Combat
  1647 | D:3      | Reached XP level 5. HP: 53/53 MP: 5/5
  1692 | D:3      | Reached skill level 1 in Transmutations
  2106 | D:3      | Found a runed translucent gate.
  2106 | D:3      | Found a runed translucent gate.
  2106 | D:3      | Found a runed translucent gate.
  2114 | D:3      | Noticed testman's ghost (novice TrGl)
  2808 | D:4      | Found Awaob's Serpentskin Sales.
  2827 | D:4      | Reached XP level 6. HP: 62/62 MP: 6/6
  2878 | D:4      | Found an ornate altar of the Wu Jian Council.
  2886 | D:4      | Found a burning altar of Makhleb.
  2889 | D:4      | Found a radiant altar of Vehumet.
  3133 | D:4      | Learned a level 1 spell: Beastly Appendage
  3223 | D:4      | Found an iron altar of Okawaru.
  3293 | D:4      | Learned a level 2 spell: Wereblood
  3311 | D:5      | Entered Level 5 of the Dungeon
  3343 | D:5      | Reached skill level 1 in Armour
  3372 | D:5      | Reached XP level 7. HP: 71/71 MP: 7/7
  3753 | D:5      | Reached skill level 5 in Fighting
  3879 | D:5      | Reached XP level 8. HP: 81/81 MP: 8/8
  4395 | D:5      | Found a broken altar of Ashenzari.
  4396 | D:5      | Found a sparkling altar of Nemelex Xobeh.
  4717 | D:6      | Reached skill level 5 in Armour
  5095 | D:6      | Noticed Menkaure
  5310 | D:6      | Reached XP level 9. HP: 83/92 MP: 9/9
  5368 | D:6      | Killed Menkaure
  5639 | D:6      | Reached skill level 1 in Poison Magic
  5957 | D:7      | Found a staircase to the Ecumenical Temple.
  5965 | Temple   | Entered the Ecumenical Temple
  6281 | D:7      | Paralysed by a hornet for 2 turns
  6494 | D:7      | Paralysed by a hornet for 2 turns
  6500 | D:7      | HP: 2/96 [hornet (13)]
  6897 | D:7      | Found a snail-covered altar of Cheibriados.
  6996 | D:7      | Reached XP level 10. HP: 39/104 MP: 10/10
  7166 | D:7      | Found a basalt altar of Yredelemnul.
  7342 | D:8      | Noticed a cyclops
  7350 | D:8      | Killed a cyclops
  7372 | D:8      | Noticed a centaur warrior
  7373 | D:8      | Found the +9 staff of Olgreb {rPois∞}
  7379 | D:8      | Killed a centaur warrior
  7458 | D:8      | Reached skill level 1 in Evocations
  7549 | D:8      | Reached skill level 2 in Evocations
  7575 | D:8      | Reached skill level 3 in Evocations
  7935 | D:8      | Found a staircase to the Lair.
  8556 | D:8      | Found a glowing golden altar of the Shining One.
  8901 | D:9      | Noticed an obsidian statue
  8901 | D:9      | Found a transporter.
  8910 | D:9      | Killed an obsidian statue
  8911 | D:9      | Reached skill level 4 in Evocations
  9027 | D:9      | Noticed a boulder beetle
  9027 | D:9      | Noticed a cyclops
  9060 | D:9      | Noticed a manticore
  9260 | D:9      | Found a flagged portal.
  9291 | Bailey   | Entered a bailey
  9385 | Bailey   | Noticed an orc sorcerer
  9387 | Bailey   | Paralysed by an orc sorcerer for 3 turns
  9398 | Bailey   | Killed an orc sorcerer
  9442 | Bailey   | Reached XP level 11. HP: 108/109 MP: 10/13
  9723 | Bailey   | Noticed an orc knight
  9740 | Bailey   | Killed an orc knight
  9761 | Bailey   | Found an iron altar of Okawaru.
  9766 | Bailey   | Noticed an orc sorcerer
  9776 | Bailey   | Killed an orc sorcerer
  9910 | Bailey   | Reached skill level 5 in Evocations
 10008 | Bailey   | Acquired the +2 hat "Ykewnoud" {*Slow +Inv rF+ rC++}
 10296 | D:9      | Found a transporter.
 10299 | D:9      | Found a transporter.
 10315 | D:9      | Found a transporter.
 10317 | D:9      | Found a transporter.
 10318 | D:9      | Noticed a two-headed ogre
 10373 | D:9      | Found a shimmering blue altar of Sif Muna.
 11230 | Lair:1   | Entered Level 1 of the Lair of Beasts
 11249 | Lair:1   | Noticed Gastronok
 11273 | Lair:1   | Killed Gastronok
 11274 | Lair:1   | Reached skill level 6 in Evocations
 11349 | Lair:1   | Noticed Nergalle
 11385 | Lair:1   | Killed Nergalle
 11386 | Lair:1   | Reached skill level 7 in Evocations
 11484 | Lair:1   | Noticed Urug
 11705 | D:8      | Killed Urug
 11961 | Lair:1   | Reached skill level 8 in Evocations
 12138 | Lair:1   | Reached XP level 12. HP: 47/119 MP: 13/15
 12547 | Lair:1   | Reached skill level 9 in Evocations
 13542 | Lair:2   | Noticed a boulder beetle
 13549 | Lair:2   | Killed a boulder beetle
 13642 | Lair:2   | Reached skill level 10 in Evocations
 13693 | Lair:2   | HP: 3/119 [black mamba (15)]
 13696 | Lair:2   | Succumbed to a black mamba's poison

Illustrated notes

Levels and vault maps discovered:
D:1:      reono_arrival_mine, layout_basic
D:2:      layout_rooms, serial_shops, nicolae_square_shop, nicolae_hexahallways
D:3:      minmay_goblin_kobold_castle, layout_rooms,
          gammafunk_ghost_nasty_kobolds, uniq_ijyb
D:4:      layout_loops_cross, general_overflow_altar, minitemple,
          guppyfry_shop_venom
D:5:      minmay_thinvault, layout_basic, gammafunk_temple_overflow_pools
D:6:      layout_cave_pods, moated_statue, uniq_menkaure
D:7:      minmay_cornered_nines, layout_cave_pools,
          yredelemnul_forgotten_temple_becter, cheibrodos_worm_habitat,
          minmay_temple_entry_sparse_star
D:8:      layout_layer_cave, tso_altar, due_lair_maze_entry_diamond,
          minmay_three_doors
D:9:      gammafunk_the_bubble [the_bubble_gammafunk_roulette],
          layout_loops_corners, kennysheep_orc_sif_temple, enter_bailey_5,
          minmay_statue_bubble
Temple:   minmay_temple_forest_path
Lair:1:   layout_cave_pods, grunt_megastairs_1, uniq_urug, uniq_nergalle,
          uniq_gastronok
Lair:2:   gammafunk_cloud_chamber, layout_cellular_growth,
          nicolae_lair_lindhole, lemuel_fruit_tree, infiniplex_staircase_pool

Skill      XL: |  1  2  3  4  5  6  7  8  9 10 11 12 |
---------------+-------------------------------------+-----
Unarmed Combat | 4 5 7 8 |  8.0
Fighting       | 3 4 5 7 8 |  8.0
Transmutations | 1 2 4 |  4.4
Armour         | 1 3 5 |  5.0
Poison Magic   | 3 4 |  4.0
Throwing       | 3 |  3.4
Evocations     | 4 8 10 | 10.0
Spellcasting   | 2 3 |  3.0
Fire Magic     | |  2.1

Action                   |  1- 3 |  4- 6 |  7- 9 | 10-12 || total
-------------------------+-------+-------+-------+-------++-------
Melee: Unarmed           |    90 |   215 |   330 |   188 ||   823
       Punch             |     1 |     1 |    13 |    13 ||    28
       Kick              |       |     1 |     4 |     8 ||    13
       Headbutt          |       |       |     4 |     2 ||     6
       Staff             |       |       |       |    86 ||    86
Throw: Dart              |       |       |     1 |       ||     1
       Throwing net      |       |       |     2 |       ||     2
       Large rock        |       |       |       |    20 ||    20
 Cast: Beastly Appendage |       |     1 |     4 |     4 ||     9
       Wereblood         |       |       |     1 |       ||     1
Invok: Fiery Armour      |       |     2 |     4 |     4 ||    10
       Foxfire Swarm     |       |       |     1 |     1 ||     2
       Rising Flame      |       |       |     1 |       ||     1
 Abil: Evoke the Staff o |       |       |       |   142 ||   142
  Use: Scroll            |       |     5 |     4 |    16 ||    25
       Potion            |       |     1 |     5 |     4 ||    10
 Stab: Held in net/web   |       |       |     1 |       ||     1
Armor: Robe              |    30 |    75 |    97 |   103 ||   305
Dodge: Dodged            |    31 |   132 |   190 |   124 ||   477

Table legend: (Time is in decaauts)
 A = Elapsed time spent in this place.
 B = Non-inter-level travel time spent in this place.
 C = Inter-level travel time spent in this place.
 D = Time resting spent in this place.
 E = Time spent auto-exploring this place.
 F = Levels seen in this place.
 G = Mean time per level.
                   A        B        C        D        E       F      G
               +--------+--------+--------+--------+--------+-----+--------+
         Total |  13683 |  13186 |    497 |   3479 |   6437 |  13 | 1052.5 |
       Dungeon |  10311 |   9885 |    426 |   2237 |   5526 |   9 | 1145.7 |
        Temple |    350 |    350 |      0 |    292 |      0 |   1 |  350.0 |
          Lair |   2169 |   2099 |     70 |    701 |    795 |   2 | 1084.5 |
        Bailey |    852 |    852 |      0 |    248 |    116 |   1 |  852.0 |
               +--------+--------+--------+--------+--------+-----+--------+

Top non-repeatable levels by time:
     D:8: 2089 daAuts
  Lair:1: 1558 daAuts
     D:6: 1366 daAuts
     D:5: 1350 daAuts
     D:9: 1330 daAuts
     D:3: 1327 daAuts
     D:7: 888 daAuts
  Bailey: 852 daAuts
     D:4: 727 daAuts
     D:2: 691 daAuts
  Lair:2: 610 daAuts
     D:1: 539 daAuts
  Temple: 350 daAuts
